 Dungeon Crawl Stone Soup version 0.18-a0-1164-g7046a04 (webtiles) character file.

1539 Kidiri the Conjurer (level 8, 0/44 HPs)
             Began as a Deep Elf Conjurer on Jan 25, 2016.
             Was a Follower of Vehumet.
             Slain by a wyvern skeleton (4 damage)
             ... on level 9 of the Dungeon.
             The game lasted 00:26:29 (9220 turns).

Kidiri the Conjurer (Deep Elf Conjurer)             Turns: 9220, Time: 00:26:29

Health: 0/44       AC:  4    Str:  5    XL:     8   Next: 56%
Magic:  13/19      EV: 12    Int: 24    God:    Vehumet [*.....]
Gold:   337        SH:  7    Dex: 14    Spells: 6 memorised, 1 level left

rFire  . . .     SeeInvis .     p - +6 mace of Disharmony {flame, -Tele Int+2 Stlth+}
rCold  . . .     Gourm    .     a - +0 robe
rNeg   . . .     Faith    .     m - +0 shield
rPois  .         Spirit   .     (no helmet)
rElec  .         Dismiss  .     (no cloak)
rCorr  .         Reflect  .     (no gloves)
SustAt .         Harm     .     (no boots)
MR     .....     NoTele   +     (no amulet)
Stlth  ++++......               (no ring)
                                f - ring of wizardry

@: very slightly contaminated, hasted, very quick, not resistant to hostile
enchantments, stealthy
A: thin metallic scales 1, clumsy 1, wild magic 1
a: Renounce Religion


You were on level 9 of the Dungeon.
You worshipped Vehumet.
Vehumet was aware of your devotion.
You were not hungry.

You visited 2 branches of the dungeon, and saw 9 of its levels.

You collected 337 gold pieces.

Inventory:

Hand Weapons
 e - a +1 dagger of holy wrath
 p - the +6 mace of Disharmony (weapon) {flame, -Tele Int+2 Stlth+}
   (You found it on level 4 of the Dungeon)

   It has been specially enchanted to burn those struck by it, causing extra
   injury to most foes and up to half again as much damage against particularly
   susceptible opponents.
   It affects your intelligence (+2).
   It prevents most forms of teleportation.
   It makes you more stealthy.
Armour
 a - a +0 robe (worn)
 j - a +0 leather armour
 m - a +0 shield (worn)
 u - the cursed +0 robe of Hopscotch {rPois rN+ Int-5 SInv}
   (You found it on level 6 of the Dungeon)

   It affects your intelligence (-5).
   It protects you from poison.
   It protects you from negative energy.
   It lets you see invisible.
   It has a curse placed upon it.
Jewellery
 f - a ring of wizardry (left hand)
Wands
 r - a wand of random effects (28/48)
Scrolls
 i - 2 scrolls of amnesia
 k - a scroll of enchant weapon
 q - 2 scrolls of remove curse
 s - a scroll of fear
 v - 2 scrolls of teleportation
Potions
 d - a potion of flight
 g - 2 potions of lignification
 h - a potion of resistance
 l - a potion of might
 n - a potion of haste
 o - a potion of magic
Books
 b - a book of Dreams

   Spells                             Type                      Level
   a - Ensorcelled Hibernation        Hexes/Ice                    2
   b - Phase Shift                    Translocation                5
   c - Silence                        Hexes/Air                    5
   d - Darkness                       Hexes                        6
   e - Mass Confusion                 Hexes                        6
   f - Shadow Creatures               Summoning                    6
 w - a book of Power

   Spells                             Type                      Level
   a - Fulminant Prism                Conjuration/Hexes            4
   b - Iskenderun's Mystic Blast      Conjuration                  4
   c - Venom Bolt                     Conjuration/Poison           5
   d - Bolt of Magma                  Conjuration/Fire/Earth       5
   e - Iron Shot                      Conjuration/Earth            6
   f - Orb of Destruction             Conjuration                  7
   g - Spellforged Servitor           Conjuration/Summoning        7
Comestibles
 c - 2 bread rations
 t - 2 chunks of flesh


   Skills:
 + Level 2.0 Fighting
 + Level 1.0 Maces & Flails
 + Level 2.1 Armour
 * Level 5.9 Dodging
 + Level 5.1 Stealth
 + Level 2.3 Shields
 * Level 6.5 Spellcasting
 * Level 6.8 Conjurations
 + Level 3.6 Hexes
 + Level 0.0 Charms


You had one spell level left.
You knew the following spells:

 Your Spells              Type           Power        Failure   Level  Hunger
a - Magic Dart            Conj           ####         2%          1    None
b - Searing Ray           Conj           ######       4%          2    None
c - Dazzling Spray        Conj/Hex       #####...     12%         3    None
d - Iskenderun's Mystic   Conj           ######..     19%         4    ###....
e - Fulminant Prism       Conj/Hex       #####.....   36%         4    ###....
f - Iskenderun's Battles  Conj/Chrm      #####...     96%         5    #####..


Dungeon Overview and Level Annotations

Branches:
Dungeon (7/15)             Temple (1/1) D:5

Altars:
Ashenzari
Cheibriados
Dithmenos
Elyvilon
Kikubaaqudgha
Nemelex Xobeh
Okawaru
Pakellas
Ru
Sif Muna
Trog
Vehumet
Xom
Yredelemnul
Zin
The Shining One

Shops:
D:4 }[

Annotations:
D:4 poirepourri's ghost, amateur DEFE


Innate Abilities, Weirdness & Mutations

You are partially covered in thin metallic scales (AC +2).
You are clumsy. (Dex -2)
Your spells are a little harder to cast, but a little more powerful.


Message History

Confirm with . or Enter, or press ? or * to list all spells.
Aiming: Magic Dart
Press: ? - help, Shift-Dir - straight line, f/p - wyvern skeleton
Aim: a wyvern skeleton The magic dart hits the wyvern skeleton.
The wyvern skeleton bites you.
Casting: Magic Dart
Confirm with . or Enter, or press ? or * to list all spells.
Aiming: Searing Ray
Press: ? - help, Shift-Dir - straight line, f/p - wyvern skeleton
Aim: a wyvern skeleton You miscast Searing Ray.
Nothing appears to happen.
The wyvern skeleton bites you!
The wyvern skeleton bites you but does no damage.
The wyvern skeleton bites you!
* * * LOW HITPOINT WARNING * * *
Unknown command.
Drink which item? (? for menu, Esc to quit)
You feel yourself speed up. The wyvern skeleton bites you.
You die...

##### ....#
#########....#
+...@Z.).....#
########.....#
#.....#
##....# ..###
..# ..# ...


You could see a wyvern skeleton.

Vanquished Creatures
  An ice beast (D:6)
  A phantom (D:4)
  2 ogres
  The ghost of poirepourri the Gusty, an amateur TeAE (D:3)
  2 scorpions (D:4)
  7 killer bees
  A giant frog zombie (D:4)
  3 crimson imps
  A jelly (D:5)
  A centaur skeleton (D:6)
  A giant frog skeleton (D:5)
  Jessica (D:3)
  3 iguanas
  6 worker ants
  A hound skeleton (D:4)
  Robin (D:2)
  4 gnolls
  8 adders
  2 adder skeletons
  5 worms
  3 giant geckos
  7 orcs
  5 giant cockroaches
  12 hobgoblins
  9 jackals (D:5)
  A quokka (D:3)
  A ball python (D:2)
  4 bats
  6 giant newts
  19 goblins
  8 kobolds
  8 rats
135 creatures vanquished.

Vanquished Creatures (others)
  A goblin (D:2)
  A hobgoblin (D:2)
2 creatures vanquished.

Grand Total: 137 creatures vanquished

Notes
Turn   | Place    | Note
--------------------------------------------------------------
     0 | D:1      | Kidiri the Deep Elf Conjurer began the quest for the Orb.
     0 | D:1      | Reached XP level 1. HP: 10/10 MP: 6/6
   344 | D:1      | Reached XP level 2. HP: 15/15 MP: 6/8
   792 | D:1      | Learned a level 2 spell: Searing Ray
   968 | D:2      | Reached XP level 3. HP: 20/20 MP: 3/10
   973 | D:2      | Learned a level 3 spell: Dazzling Spray
  1169 | D:2      | Found a sacrificial altar of Ru.
  1198 | D:2      | Found a white marble altar of Elyvilon.
  1301 | D:2      | Found a shattered altar of Ashenzari.
  1515 | D:2      | Noticed Robin
  1761 | D:2      | Killed Robin
  1761 | D:2      | Reached XP level 4. HP: 22/24 MP: 4/11
  1836 | D:2      | Learned a level 4 spell: Iskenderun's Mystic Blast
  2008 | D:3      | Noticed poirepourri's ghost (amateur TeAE)
  2010 | D:3      | Reached skill level 1 in Hexes
  2203 | D:3      | Reached skill level 5 in Conjurations
  2335 | D:3      | Noticed Jessica
  2338 | D:3      | Killed Jessica
  3501 | D:3      | Killed poirepourri's ghost
  3501 | D:3      | Reached skill level 1 in Fighting
  3501 | D:3      | Reached skill level 1 in Shields
  3501 | D:3      | Reached XP level 5. HP: 12/29 MP: 7/13
  3766 | D:4      | Found Foexzyup's Armour Shoppe.
  3873 | D:4      | Found Wonu's Gadget Emporium.
  3885 | D:4      | Reached skill level 1 in Armour
  3885 | D:4      | Reached XP level 6. HP: 12/34 MP: 7/14
  4043 | D:4      | Found a radiant altar of Vehumet.
  4335 | D:3      | Learned a level 4 spell: Fulminant Prism
  4460 | D:4      | You fall through a shaft for 3 floors!
  4488 | D:5      | Entered Level 5 of the Dungeon
  4551 | D:5      | Reached skill level 5 in Spellcasting
  4571 | D:5      | Reached XP level 7. HP: 38/38 MP: 9/16
  4573 | D:5      | Found a sparkling altar of Nemelex Xobeh.
  5128 | D:4      | Reached skill level 6 in Conjurations
  5337 | D:4      | Found a sparkling altar of Nemelex Xobeh.
  5468 | D:4      | Noticed poirepourri's ghost (amateur DEFE)
  5638 | D:4      | Got a smoking mace
  5639 | D:4      | Identified the +6 mace of Disharmony {flame, -Tele Int+2 Stlth+} (You found it on level 4 of the Dungeon)
  5733 | D:4      | Found a shadowy altar of Dithmenos.
  5778 | D:4      | Became a worshipper of Vehumet
  5902 | D:5      | Gained mutation: Your spells are a little harder to cast, but a little more powerful. [potion of mutation]
  5902 | D:5      | Gained mutation: You are partially covered in thin metallic scales (AC +2). [potion of mutation]
  5903 | D:5      | Gained mutation: You are clumsy. (Dex -2) [potion of mutation]
  6046 | D:5      | Found a bloodstained altar of Trog.
  6046 | D:5      | Found an ancient bone altar of Kikubaaqudgha.
  6118 | D:5      | Found a shimmering altar of Xom.
  6140 | D:5      | Reached skill level 5 in Dodging
  6179 | D:5      | Found a staircase to the Ecumenical Temple.
  6185 | Temple   | Entered the Ecumenical Temple
  7112 | D:6      | Reached XP level 8. HP: 29/44 MP: 13/18
  7343 | D:6      | Got a faintly glowing robe
  7344 | D:6      | Identified the cursed +0 robe of Hopscotch {rPois rN+ Int-5 SInv} (You found it on level 6 of the Dungeon)
  8239 | D:6      | Reached skill level 5 in Stealth
  8942 | D:6      | Reached * piety under Vehumet
  8942 | D:6      | Offered knowledge of Flame Tongue by Vehumet.
  8949 | D:6      | Learned a level 5 spell: Iskenderun's Battlesphere
  9091 | D:7      | You fall through a shaft for 2 floors!
  9100 | D:9      | Reached skill level 1 in Maces & Flails
  9220 | D:9      | Slain by a wyvern skeleton

Vault maps used:
D:1:      sevenhm_arrival_forest_fort_large_4
D:2:      elyvilon_altar_4, ashenzari_altar_1, first_bread, serial_glass,
          glass_columns_b, glass_columns_a, nicolae_ru_awakened_eye, uniq_robin
D:3:      uniq_jessica
D:4:      vehumet_crystals, kennysheep_mini_moat, chequers_ossuary_entry_cave,
          serial_shops, shop, shop_fountains, nemelex_spade_bored_becter
D:5:      xom_butterflies, overflow_temple_1_default,
          gammafunk_temple_overflow_statue, minmay_temple_entry_fiery
D:9:      makhleb_grotto_becter, fedhas_altar_3
Temple:   minmay_temple_bridge_a_8

Action                   |  1- 3 |  4- 6 |  7- 9 || total
-------------------------+-------+-------+-------++-------
Melee: Dagger            |     3 |    18 |    28 ||    49
       Mace              |       |       |    36 ||    36
 Cast: Magic Dart        |    86 |    96 |   116 ||   298
       Searing Ray       |     1 |     3 |    14 ||    18
       Dazzling Spray    |       |     1 |     3 ||     4
       Iskenderun's Myst |       |     1 |     2 ||     3
  Use: Potion            |     1 |     6 |     5 ||    12
       Scroll            |       |    10 |     5 ||    15
 Stab: Sleeping          |       |     2 |     3 ||     5
       Distracted        |       |       |     1 ||     1
  Eat: Chunk             |     2 |     2 |       ||     4
       Bread ration      |       |     2 |     1 ||     3
       Pizza             |       |     1 |     1 ||     2
       Meat ration       |       |       |     1 ||     1
       Royal jelly       |       |       |     1 ||     1
